 Dungeon Crawl Stone Soup version 0.29-a0-993-g4a18f31a58 (webtiles) character file.

Game seed: 14899379881045816245

155 vurker the Shooter (level 5, -2/41 HPs)
             Began as a Formicid Hunter on Aug 2, 2022.
             Slain by a phantom (3 damage)
             ... on level 3 of the Dungeon.
             The game lasted 00:02:33 (2504 turns).

vurker the Shooter (Formicid Hunter)                Turns: 2504, Time: 00:02:34

Health: -2/41      AC:  3    Str: 18    XL:     5   Next: 63%
Magic:  5/5        EV: 12    Int:  8    God:
Gold:   125        SH:  0    Dex: 17    Spells: 4/4 levels left

rFire   . . .      SeeInvis +   a - +0 shortbow
rCold   . . .      Faith    .   (no shield)
rNeg    . . .      Spirit   .   c - +0 leather armour
rPois   .          Reflect  .   (helmet unavailable)
rElec   .          Harm     .   (no cloak)
rCorr   .          Rampage  .   (no gloves)
Will    +....                   (no boots)
Stlth   ++........              (no amulet)
HPRegen 0.13/turn               m - ring of willpower
MPRegen 0.09/turn               (no ring)

@: no status effects
A: permanent stasis, dig shafts and tunnels, antennae 3, four strong arms
a: Dig, Shaft Self


You were on level 3 of the Dungeon.
You visited 1 branch of the dungeon, and saw 3 of its levels.

You collected 125 gold pieces.

Inventory:

Hand Weapons
 a - a +0 shortbow (weapon)
Armour
 c - a +0 leather armour (worn)
 o - a +1 ring mail of fire resistance
   (You found it on level 3 of the Dungeon)
Jewellery
 m - a ring of willpower (left hand)
   (You found it on level 3 of the Dungeon)
Scrolls
 b - a scroll of immolation
 e - a scroll of identify
 i - 2 scrolls of blinking {unknown}
 j - a scroll of enchant weapon {unknown}
 k - a scroll of noise {unknown}
 l - a scroll of torment {unknown}
 n - a scroll of fog {unknown}
Potions
 d - a potion of cancellation {unknown}
 f - a potion of haste {unknown}
 g - 3 potions of curing
 h - a potion of attraction {unknown}


   Skills:
 + Level 3.5 Fighting
 * Level 5.4 Ranged Weapons
 + Level 2.1 Armour
 - Level 1.7 Dodging
 - Level 1.2 Stealth


You had 4 spell levels left.
You didn't know any spells.
Your spell library contained the following spells:

 Spells                   Type           Power      Damage    Failure   Level
 Static Discharge         Conj/Air       0%         3-3/arc   61%         2
 Gell's Gravitas          Tloc           0%         N/A       83%         3
 Teleport Other           Tloc           0%         N/A       83%         3
 Lightning Bolt           Conj/Air       0%         1d11      100%        5
 Dispersal                Tloc           0%         N/A       100%        6
 Maxwell's Capacitive Co  Air            0%         ∞         100%        8


Dungeon Overview and Level Annotations

Branches:
Dungeon (3/15)

Altars:
Okawaru


Innate Abilities, Weirdness & Mutations

You cannot be hasted, slowed, berserked, paralysed or teleported.
You can dig through walls and to a lower floor.
You have a pair of large antennae on your head. (SInv)
Your four strong arms can wield two-handed weapons with a shield.


Message History

The phantom hits you.
* * * LOW HITPOINT WARNING * * *
Fire: a) +0 shortbow
Aim: a phantom (moderately damaged, 53% to hit)
You shoot an arrow. The arrow closely misses the phantom.
The phantom barely misses you.
Fire: a) +0 shortbow
Aim: a phantom (moderately damaged, 53% to hit)
You shoot an arrow. The arrow hits the phantom.
The phantom completely misses you.
Fire: a) +0 shortbow
Aim: a phantom (moderately damaged, 53% to hit)
You shoot an arrow. The arrow closely misses the phantom.
The phantom closely misses you. x2
Fire: a) +0 shortbow
Aim: a phantom (lightly damaged, 53% to hit)
You shoot an arrow.
The arrow hits the phantom but does no damage.
The phantom hits you.
* * * LOW HITPOINT WARNING * * *
Fire: a) +0 shortbow
Aim: a phantom (lightly damaged, 53% to hit)
You shoot an arrow. The arrow hits the phantom!
The phantom hits you.
* * * LOW HITPOINT WARNING * * *
Fire: a) +0 shortbow
Aim: a phantom (heavily damaged, 53% to hit)
You shoot an arrow. The arrow misses the phantom.
The phantom hits you.
* * * LOW HITPOINT WARNING * * *
Fire: a) +0 shortbow
Aim: a phantom (heavily damaged, 53% to hit)
You shoot an arrow. The arrow barely misses the phantom.
The phantom hits you but does no damage.
The phantom closely misses you.
Fire: a) +0 shortbow
Aim: a phantom (heavily damaged, 53% to hit)
You shoot an arrow. The arrow hits the phantom!
The phantom hits you.
* * * LOW HITPOINT WARNING * * *
Fire: a) +0 shortbow
Aim: a phantom (almost destroyed, 53% to hit)
You shoot an arrow. The arrow closely misses the phantom.
The phantom hits you.
* * * LOW HITPOINT WARNING * * *
Fire: a) +0 shortbow
Aim: a phantom (almost destroyed, 53% to hit)
You shoot an arrow. The arrow hits the phantom.
The phantom hits you.
You die...

............#.#####...# #.
# ########..............#
#.## ## ######.#####...#
#.## ##. ######.........#
#..###.# #...........#..#
#.....## #.####.####.#..#
#..#### #.# #.#
#.#..####..# #.#
#.####.#........#
#.####...@W..#.####.##
#######.##...####..#.####.#
..........................#
#######...........#########
#############


You could see a phantom.

Vanquished Creatures
  A hound (D:2)
  5 gnolls
  An adder (D:2)
  A worm (D:2)
  2 dart slugs
  4 orcs (D:3)
  2 endoplasms
  3 giant cockroaches (D:1)
  8 hobgoblins
  6 jackals
  3 quokkas (D:1)
  3 ball pythons
  4 bats
  4 frilled lizards
  2 goblins (D:1)
  4 kobolds
  6 rats (D:1)
59 creatures vanquished.

Notes
Turn   | Place    | Note
-------+----------+-------------------------------------------
     0 | D:1      | vurker the Formicid Hunter began the quest for the Orb.
     0 | D:1      | Reached XP level 1. HP: 16/16 MP: 1/1
    31 | D:1      | Reached XP level 2. HP: 16/23 MP: 2/2
   249 | D:1      | Reached XP level 3. HP: 28/28 MP: 3/3
   773 | D:1      | Reached skill level 1 in Armour
   880 | D:2      | Reached XP level 4. HP: 35/35 MP: 4/4
   903 | D:2      | Reached skill level 5 in Ranged Weapons
  1628 | D:2      | Identified the +1 spear of Eternal Night {speed, SInv}
  1808 | D:2      | Found a faded altar of an unknown god.
  1814 | D:2      | Reached XP level 5. HP: 41/41 MP: 5/5
  1989 | D:3      | Found an iron altar of Okawaru.
  2441 | D:3      | Noticed a phantom
  2503 | D:3      | HP: 1/41 [phantom (6)]
  2504 | D:3      | Slain by a phantom

Illustrated notes

Levels and vault maps discovered:
D:1:      minmay_arrival_semitransparent, layout_basic, minmay_split_cup_large
D:2:      layout_basic, shapermc_ecumenical_altar_gd, minivault_24,
          corexii_leaking_fountain, hangedman_glass_teeth
D:3:      layout_loops_ring, mainiacjoe_overflow_small_starburst,
          hellmonk_ghost_happy_afterlife

Skill      XL: |  1  2  3  4  5 |
---------------+----------------+-----
Armour         | 1 2 |  2.1
Fighting       | 3 |  3.5
Ranged Weapons | 5 |  5.4
Dodging        | |  1.7
Stealth        | |  1.2

Action                   |  1- 3 |  4- 6 || total
-------------------------+-------+-------++-------
 Fire: Shortbow          |    82 |    95 ||   177
 Abil: Dig               |       |     1 ||     1
  Use: Scroll            |     4 |       ||     4
Armor: Leather armour    |     8 |    12 ||    20
Dodge: Dodged            |    36 |    61 ||    97

Table legend: (Time is in decaauts)
 A = Elapsed time spent in this place.
 B = Non-inter-level travel time spent in this place.
 C = Inter-level travel time spent in this place.
 D = Time resting spent in this place.
 E = Time spent auto-exploring this place.
 F = Levels seen in this place.
 G = Mean time per level.
                   A        B        C        D        E       F      G
               +--------+--------+--------+--------+--------+-----+--------+
         Total |   2553 |   2500 |     53 |      0 |   2049 |   3 |  851.0 |
       Dungeon |   2553 |   2500 |     53 |      0 |   2049 |   3 |  851.0 |
               +--------+--------+--------+--------+--------+-----+--------+

Top non-repeatable levels by time:
     D:2: 1140 daAuts
     D:1: 857 daAuts
     D:3: 554 daAuts
